 Dungeon Crawl Stone Soup version 0.23.2-30-g0e89c35649 (webtiles) character file.

Game seed: 12671851135330707303

24185 HammerPanzer the Bludgeoner (level 12, -21/177 HPs)
             Began as a Minotaur Berserker on June 9, 2019.
             Was a High Priest of Trog.
             Demolished by a very large slime creature (46 damage)
             ... on level 14 of the Dungeon.
             The game lasted 00:47:19 (15714 turns).

HammerPanzer the Bludgeoner (Minotaur Berserker)   Turns: 15714, Time: 00:47:20

Health: -21/177    AC: 20    Str: 29    XL:     12   Next: 78%
Magic:  11/11      EV:  8    Int:  6    God:    Trog [*****.]
Gold:   743        SH:  0    Dex: 11    Spells: 11/11 levels left

rFire    . . .     SeeInvis +   G - +1 great mace (crush)
rCold    . . .     Gourm    .   (shield currently unavailable)
rNeg     . . .     Faith    +   O - +3 plate armour
rPois    .         Spirit   .   (helmet restricted)
rElec    .         Reflect  .   L - +2 cloak
rCorr    .         Harm     .   M - +0 pair of gloves
MR       .....                  I - +1 pair of boots {Fly}
Stlth    ..........             t - amulet of faith
HPRegen  0.39/turn              r - ring of see invisible
MPRegen  0.12/turn              (no ring)

@: berserking, flying, very quick
A: retaliatory headbutt, horns 2
a: Berserk, Trog's Hand, Brothers in Arms, Renounce Religion, Stop Flying


You were on level 14 of the Dungeon.
You worshipped Trog.
Trog was extremely pleased with you.
You were very hungry.

You visited 1 branch of the dungeon, and saw 14 of its levels.
You visited the Abyss 1 time.

You collected 743 gold pieces.

Inventory:

Hand Weapons
 w - a +4 flail of holy wrath
 F - a +0 dire flail of draining
 G - a +1 great mace of crushing (weapon)
Missiles
 q - 8 tomahawks (quivered)
Armour
 B - +0 steam dragon scales
 I - a +1 pair of boots of flying (worn)
 L - a +2 cloak (worn)
 M - a +0 pair of gloves (worn)
 O - a +3 plate armour (worn)
Jewellery
 r - a ring of see invisible (left hand)
 t - an amulet of faith (around neck)
 D - an uncursed amulet of guardian spirit
 J - an uncursed amulet of the gourmand
Wands
 n - a wand of iceblast (25)
 p - a wand of polymorph (15)
 x - a wand of digging (12)
 y - a wand of clouds (5)
 A - a wand of flame (24)
 N - a wand of random effects (11)
Scrolls
 e - a scroll of fog
 f - 4 scrolls of enchant armour
 m - 3 scrolls of magic mapping
 s - 4 scrolls of remove curse
 C - 6 scrolls of identify
 H - 2 scrolls of fear
Potions
 a - 3 potions of berserk rage
 b - 5 potions of cancellation
 d - 4 potions of ambrosia
 g - 4 potions of brilliance
 h - 2 potions of invisibility
 i - 11 potions of curing
 j - a potion of flight
 k - 2 potions of agility
 l - a potion of mutation
 o - 4 potions of haste
 z - a potion of lignification
Miscellaneous
 E - a phial of floods
Comestibles
 c - 24 rations


   Skills:
 + Level 14.7 Fighting
 * Level 19.5 Maces & Flails
 - Level 2.4 Armour
 - Level 2.1 Dodging


You had 11 spell levels left.
You didn't know any spells.
Your spell library was empty.

Dungeon Overview and Level Annotations

Branches:
Dungeon (14/15)            Temple (0/1) D:4            Lair (0/6) D:10
    Orc (0/2) D:10         Vaults (0/5) D:13

Altars:
Ashenzari
Cheibriados
Dithmenos
Hepliaklqana
Kikubaaqudgha
Makhleb
Okawaru
Sif Muna
Trog
Beogh

Shops:
D:8 [   D:11 [   D:13 *

Portals:
Trove: D:14 (give 18 scrolls of identify)


Innate Abilities, Weirdness & Mutations

You reflexively headbutt those who attack you in melee.
You have a pair of horns on your head.


Message History

You bludgeon the very large slime creature!!
You headbutt the very large slime creature!
The very large slime creature is heavily wounded.
You bludgeon the very large slime creature!!
The very large slime creature is severely wounded.
The slime creature hits you.
* * * LOW HITPOINT WARNING * * *
The very large slime creature hits you!!
* * * LOW HITPOINT WARNING * * *
The slime creature hits you but does no damage.
You bludgeon the very large slime creature!!
Your headbutt misses the very large slime creature.
The very large slime creature is severely wounded.
You bludgeon the very large slime creature!!
You headbutt the very large slime creature!
The very large slime creature is almost dead.
A vampire mosquito comes into view.
The slime creature barely misses you.
The very large slime creature hits you!!!
You die...

#..#####...(..#
#..#####.#..)## ###
###..##.......## ##.##
.....##.##.#########.#.##
###................###.#
####..####..#####.#.##
#..# #..# ##.##
#..####J.# #.# #.....J@##
#.#### ##y####J# #....#
#####.# #.# ####.#
####....># ).. ###.####
#........# ..< #......#
#.#..##..# ..... #[#.##.#
#..##..# ....[
####.#.##.#
#......##.....#
#......##.# #.##...####
#.##.####.#


You could see a very large slime creature, 2 slime creatures and a vampire
mosquito.

Vanquished Creatures
  Erolcha (D:9)
  A hydra (D:14)
  4 two-headed ogres
  2 tengu warriors (D:12)
  2 unseen horrors
  A necromancer (D:13)
  A wizard (D:13)
  A deep elf mage (D:12)
  An ugly thing (D:13)
  2 cyclopes
  5 slime creatures
  A manticore (D:13)
  Joseph (D:8)
  A centaur zombie (D:13)
  A gargoyle (D:13)
  2 trolls (D:13)
  A hornet (D:9)
  Grinder (D:3)
  5 hippogriffs
  A centaur simulacrum (D:14)
  Sigmund (D:4)
  2 wraiths
  7 yaks
  3 wyverns
  A hungry ghost (D:8)
  A basilisk (D:14)
  2 steam dragons
  5 vampire mosquitoes
  A warg (D:10)
  5 ice beasts
  8 orc warriors
  6 sky beasts
  9 ogres
  A phantom (D:9)
  7 centaurs
  A crocodile (D:11)
  3 big kobolds
  4 bullfrogs
  6 scorpions
  13 killer bees
  13 wights
  A howler monkey (D:11)
  7 crimson imps
  The ghost of Hycrow the Magician, a weakling DEFE (D:3)
  2 bullfrog zombies
  9 hounds
  2 quasits
  12 orc priests
  3 centaur skeletons
  5 jellies
  8 orc wizards
  5 iguanas
  Natasha (thrice) (D:2)
  10 worker ants
  A hound zombie (D:8)
  A hound skeleton (D:7)
  A howler monkey zombie (D:6)
  2 worker ant zombies (D:9)
  15 adders
  9 gnolls
  3 shadow imps
  An adder zombie (D:6)
  3 adder skeletons
  5 worms
  A dart slug (D:4)
  3 leopard geckos
  64 orcs
  A ball python (D:7)
  8 giant cockroaches
  6 goblins
  7 hobgoblins
  12 jackals
  7 quokkas
  5 bats
  4 frilled lizards
  A jackal skeleton (D:4)
  23 kobolds
  A leopard gecko zombie (D:5)
  8 rats
394 creatures vanquished.

Vanquished Creatures (others)
  A shadow (D:11)
  An adder (D:10)
  A plant (D:2)
3 creatures vanquished.

Grand Total: 397 creatures vanquished

Notes
Turn   | Place    | Note
-------+----------+-------------------------------------------
     0 | D:1      | HammerPanzer the Minotaur Berserker began the quest for the
                  | Orb.
     0 | D:1      | Reached XP level 1. HP: 19/19 MP: 0/0
   105 | D:1      | Reached skill level 4 in Maces & Flails
   117 | D:1      | Reached XP level 2. HP: 11/27 MP: 1/1
   819 | D:2      | Noticed Natasha
   820 | D:2      | Killed Natasha
   820 | D:2      | Reached skill level 5 in Maces & Flails
   820 | D:2      | Reached XP level 3. HP: 34/34 MP: 2/2
   913 | D:2      | Reached XP level 4. HP: 33/41 MP: 3/3
  1040 | D:2      | Reached ** piety under Trog
  1210 | D:2      | Noticed Natasha
  1217 | D:2      | Killed Natasha
  1234 | D:2      | Noticed Natasha
  1405 | D:2      | Killed Natasha
  1405 | D:2      | Reached skill level 6 in Maces & Flails
  1405 | D:2      | Reached XP level 5. HP: 33/47 MP: 4/4
  1614 | D:2      | Reached skill level 5 in Fighting
  2029 | D:3      | Noticed Grinder
  2042 | D:3      | Killed Grinder
  2042 | D:3      | Reached skill level 7 in Maces & Flails
  2042 | D:3      | Reached XP level 6. HP: 37/57 MP: 5/5
  2209 | D:3      | Found a shadowy altar of Dithmenos.
  2308 | D:3      | Found a runed translucent door.
  2344 | D:3      | Noticed Hycrow's ghost (weakling DEFE)
  2378 | D:3      | Killed Hycrow's ghost
  2402 | D:3      | Found a bloodstained altar of Trog.
  2774 | D:3      | Found a deep blue altar of Sif Muna.
  2988 | D:3      | Found a burning altar of Makhleb.
  2988 | D:3      | Noticed a cacodemon
  2992 | D:3      | Noticed a hellwing
  2992 | D:3      | Noticed an orange demon
  3057 | D:4      | Found a shattered altar of Ashenzari.
  3106 | D:4      | Reached skill level 8 in Maces & Flails
  3107 | D:4      | Reached XP level 7. HP: 64/64 MP: 6/6
  3165 | D:4      | Found a staircase to the Ecumenical Temple.
  3309 | D:4      | Found an iron altar of Okawaru.
  3545 | D:4      | Found a hazy altar of Hepliaklqana.
  3577 | D:4      | Reached skill level 9 in Maces & Flails
  3649 | D:4      | Found an ancient bone altar of Kikubaaqudgha.
  3677 | D:4      | Noticed Sigmund
  3683 | D:4      | Killed Sigmund
  4158 | D:4      | Found a snail-covered altar of Cheibriados.
  4303 | D:5      | Entered Level 5 of the Dungeon
  4315 | D:5      | Reached XP level 8. HP: 68/73 MP: 7/7
  4374 | D:5      | Reached skill level 10 in Maces & Flails
  4450 | D:5      | Reached *** piety under Trog
  5012 | D:5      | Reached skill level 11 in Maces & Flails
  5695 | D:6      | Reached XP level 9. HP: 73/82 MP: 8/8
  5732 | D:6      | Reached skill level 12 in Maces & Flails
  5882 | D:6      | Reached **** piety under Trog
  6528 | D:7      | Reached skill level 13 in Maces & Flails
  6568 | D:7      | Reached skill level 10 in Fighting
  6951 | D:7      | You fall through a shaft for 3 floors!
  6951 | D:10     | Entered Level 10 of the Dungeon
  7006 | D:10     | Reached ***** piety under Trog
  7077 | D:10     | Killed an unseen horror
  7077 | D:10     | Reached XP level 10. HP: 48/94 MP: 9/9
  7269 | D:10     | Reached skill level 14 in Maces & Flails
  7351 | D:10     | Noticed a two-headed ogre
  7357 | D:10     | Killed a two-headed ogre
  7402 | D:10     | Noticed a two-headed ogre
  7412 | D:10     | Killed a two-headed ogre
  7922 | D:10     | Reached skill level 15 in Maces & Flails
  7923 | D:10     | Found a staircase to the Lair.
  8094 | D:8      | Noticed Joseph
  8102 | D:8      | Killed Joseph
  8286 | D:8      | Received a gift from Trog
  8547 | D:8      | Found Qelidaux's Antique Armour Boutique.
  8832 | D:9      | Reached XP level 11. HP: 97/104 MP: 10/10
  8871 | D:9      | Reached skill level 16 in Maces & Flails
  8927 | D:9      | Noticed Erolcha
  8939 | D:9      | Cast into level 2 of the Abyss (Erolcha)
  8973 | Abyss:2  | Noticed a thrashing horror
  9003 | Abyss:2  | Noticed a sixfirhy
  9003 | Abyss:2  | Noticed a wretched star
  9222 | Abyss:3  | Noticed a deep elf demonologist
  9226 | Abyss:3  | Noticed a bone dragon
  9227 | Abyss:3  | Noticed a soul eater
  9230 | Abyss:3  | Noticed a great orb of eyes
  9232 | Abyss:3  | Noticed a balrug
  9234 | D:9      | Escaped the Abyss
  9238 | D:9      | Killed Erolcha
 10314 | D:9      | Noticed a two-headed ogre
 10319 | D:9      | Killed a two-headed ogre
 10711 | D:10     | Found a staircase to the Orcish Mines.
 11259 | D:11     | Found Xuppadgh's Antique Armour Shoppe.
 11282 | D:11     | Reached skill level 17 in Maces & Flails
 11293 | D:11     | Received a gift from Trog
 12164 | D:12     | Noticed a tengu warrior
 12164 | D:12     | Noticed a tengu warrior
 12361 | D:12     | Killed a tengu warrior
 12365 | D:12     | Killed a tengu warrior
 12687 | D:12     | Reached XP level 12. HP: 80/115 MP: 11/11
 12714 | D:11     | Reached skill level 18 in Maces & Flails
 13733 | D:12     | Identified a scroll of acquirement
 13778 | D:13     | Received a gift from Trog
 13906 | D:13     | Found Qymoob's Assorted Antiques.
 14222 | D:13     | Found a roughly hewn altar of Beogh.
 14822 | D:13     | Noticed a two-headed ogre
 14837 | D:13     | Killed a two-headed ogre
 14924 | D:13     | Reached skill level 19 in Maces & Flails
 15046 | D:13     | Found a gate to the Vaults.
 15393 | D:14     | Received a gift from Trog
 15447 | D:14     | Found a portal to a secret trove of treasure.
 15524 | D:14     | Noticed a four-headed hydra
 15531 | D:14     | Killed a four-headed hydra
 15714 | D:14     | Demolished by a very large slime creature

Skill      XL: |  1  2  3  4  5  6  7  8  9 10 11 12 |
---------------+-------------------------------------+-----
Maces & Flails | 4 5 6 7 8 9 11 13 15 17 19 | 19.5
Fighting       | 4 5 6 7 8 10 12 13 14 | 14.7
Armour         | |  2.4
Dodging        | |  2.1

Action                   |  1- 3 |  4- 6 |  7- 9 | 10-12 || total
-------------------------+-------+-------+-------+-------++-------
Melee: Mace              |    56 |   110 |    53 |       ||   219
       Headbutt          |     6 |    22 |    61 |   117 ||   206
       Flail             |       |       |   211 |   311 ||   522
       Great mace        |       |       |       |   347 ||   347
Invok: Berserk           |       |     2 |     2 |    10 ||    14
  Use: Scroll            |       |    11 |    11 |    11 ||    33
       Potion            |       |       |       |     4 ||     4
  Eat: Chunk             |       |     8 |    15 |    29 ||    52
       Ration            |       |       |       |     2 ||     2
Armor: Animal skin       |     2 |       |       |       ||     2
       Leather armour    |     6 |    33 |     4 |       ||    43
       Chain mail        |       |       |    85 |       ||    85
       Plate armour      |       |       |    55 |   410 ||   465
Dodge: Dodged            |    31 |    76 |    71 |   237 ||   415
